 Dungeon Crawl Stone Soup version 0.21-a0-364-gbd1fde4 (webtiles) character file.

10034 tsouns the Covert (level 11, -4/81 HPs)
             Began as a Gnoll Enchanter on Oct 8, 2017.
             Was a Priest of Dithmenos.
             Slain by a freezing wraith (22 damage)
             ... led by a death knight
             ... on level 11 of the Dungeon on Oct 14, 2017.
             The game lasted 00:42:55 (9534 turns).

tsouns the Covert (Gnoll Enchanter)                 Turns: 9534, Time: 00:42:57

Health: -4/81      AC:  9    Str: 11    XL:     11   Next: 55%
Magic:  13/23      EV: 18    Int: 20    God:    Dithmenos [***...]
Gold:   663        SH:  0    Dex: 16    Spells: 12/26 levels left

rFire    . . .     SeeInvis .   f - +3 short sword (speed)
rCold    . . .     Gourm    .   (no shield)
rNeg     . . .     Faith    .   b - +0 robe
rPois    .         Spirit   .   r - +2 helmet
rElec    .         Reflect  .   B - +2 cloak
rCorr    .         Harm     .   (no gloves)
MR       .....                  (no boots)
Stlth    +++++++...             j - amulet of regeneration
HPRegen  0.63/turn              y - ring of stealth
MPRegen  0.18/turn              (no ring)

@: slowed, wreathed by umbra, very slow
A: distributed training, fangs 1, strong nose
a: Shadow Step, Renounce Religion


You were on level 11 of the Dungeon.
You worshipped Dithmenos.
Dithmenos was most pleased with you.
You were not hungry.

You visited 2 branches of the dungeon, and saw 11 of its levels.

You collected 663 gold pieces.

Inventory:

Hand Weapons
 f - a +3 short sword of speed (weapon)
 G - a +0 short sword of draining
 L - a +0 great sword of slicing
Missiles
 e - 2 curare-tipped needles
 h - 2 tomahawks (quivered)
 M - 5 javelins
Armour
 b - a +0 robe (worn)
 r - a +2 helmet (worn)
 B - a +2 cloak (worn)
Magical Staves
 J - an uncursed staff of air
Jewellery
 j - an amulet of regeneration (around neck)
 y - a ring of stealth (left hand)
 N - an uncursed amulet of rage
Wands
 n - a wand of disintegration (16/24)
 E - a wand of polymorph (12/24)
 H - a wand of lightning (6/15)
 I - a wand of disintegration (18/24)
 K - a wand of digging (9/24)
Scrolls
 m - 3 scrolls of remove curse
 s - 2 scrolls of amnesia
 u - 6 scrolls of teleportation
Potions
 g - 2 potions of flight
 i - a potion of lignification
 k - 10 potions of curing {unknown}
 l - a potion of magic {unknown}
 o - a potion of brilliance {unknown}
 p - a potion of might {unknown}
 v - a potion of haste {unknown}
 w - 2 potions of berserk rage {unknown}
 z - a potion of invisibility {unknown}
 A - 2 potions of agility {unknown}
 C - 2 potions of degeneration {unknown}
 D - a potion of resistance {unknown}
Books
 a - a book of Frost

   Spells                             Type                      Level
   a - Freeze                         Ice                          1
   b - Throw Frost                    Conjuration/Ice              2
   c - Ozocubu's Armour               Charms/Ice                   3
   d - Throw Icicle                   Conjuration/Ice              4
   e - Summon Ice Beast               Ice/Summoning                4
 c - a book of Maledictions

   Spells                             Type                      Level
   a - Corona                         Hexes                        1
   b - Ensorcelled Hibernation        Hexes/Ice                    2
   c - Confuse                        Hexes                        3
   d - Tukima's Dance                 Hexes                        3
   e - Dazzling Spray                 Conjuration/Hexes            3
 q - a book of Geomancy

   Spells                             Type                      Level
   a - Sandblast                      Earth                        1
   b - Passwall                       Transmutation/Earth          2
   c - Stone Arrow                    Conjuration/Earth            3
   d - Petrify                        Transmutation/Earth          4
   e - Lee's Rapid Deconstruction     Earth                        5
 t - a book of Minor Magic

   Spells                             Type                      Level
   a - Magic Dart                     Conjuration                  1
   b - Blink                          Translocation                2
   c - Call Imp                       Summoning                    2
   d - Slow                           Hexes                        2
   e - Conjure Flame                  Conjuration/Fire             3
   f - Mephitic Cloud                 Conjuration/Poison/Air       3
 x - a book of Changes

   Spells                             Type                      Level
   a - Beastly Appendage              Transmutation                1
   b - Sticks to Snakes               Transmutation                2
   c - Spider Form                    Transmutation/Poison         3
   d - Ice Form                       Ice/Transmutation            4
   e - Blade Hands                    Transmutation                5
Comestibles
 d - 12 bread rations
 F - 3 meat rations


   Skills:
 + Level 6.3 Fighting
 + Level 6.8 Short Blades
 + Level 6.3 Long Blades
 + Level 6.3 Axes
 + Level 6.3 Maces & Flails
 + Level 6.3 Polearms
 + Level 6.3 Staves
 + Level 6.3 Slings
 + Level 6.3 Bows
 + Level 6.3 Crossbows
 + Level 6.3 Throwing
 + Level 6.3 Armour
 + Level 7.9 Dodging
 + Level 8.8 Stealth
 + Level 6.3 Shields
 + Level 6.3 Unarmed Combat
 + Level 8.1 Spellcasting
 + Level 5.2 Conjurations
 + Level 7.6 Hexes
 + Level 5.2 Charms
 + Level 5.2 Summonings
 + Level 5.2 Necromancy
 + Level 5.2 Translocations
 + Level 5.2 Transmutations
 + Level 5.2 Fire Magic
 + Level 5.2 Ice Magic
 + Level 5.2 Air Magic
 + Level 5.2 Earth Magic
 + Level 5.2 Poison Magic
 + Level 6.9 Invocations
 + Level 6.3 Evocations


You had 12 spell levels left.
You knew the following spells:

 Your Spells              Type           Power        Failure   Level  Hunger
a - Corona                Hex            #####..      1%          1    None
b - Ensorcelled Hibernat  Hex/Ice        ####..       1%          2    None
c - Confuse               Hex            #####...     1%          3    None
d - Tukima's Dance        Hex            #####...     1%          3    None
e - Dazzling Spray        Conj/Hex       ####..       1%          3    None
f - Blink                 Tloc           N/A          1%          2    None


Dungeon Overview and Level Annotations

Branches:
Dungeon (9/15)             Temple (1/1) D:6
   Lair: D:8-11         Orc: D:9-12

Altars:
Ashenzari
Cheibriados
Dithmenos
Elyvilon
Fedhas
Gozag
Hepliaklqana
Kikubaaqudgha
Makhleb
Nemelex Xobeh
Okawaru
Qazlal
Ru
Sif Muna
Trog
Uskayaw
Vehumet
Wu Jian
Xom
Yredelemnul
Zin
The Shining One

Annotations:
D:2 exclusion: oklob plant
D:9 1 runed door


Innate Abilities, Weirdness & Mutations

Your experience applies equally to all skills.
You have very sharp teeth.
Your uncanny sense of smell can sniff out nearby items.


Message History

The freezing wraith is lightly damaged.
You barely miss the freezing wraith.
The freezing wraith is lightly damaged.
You hit the freezing wraith but do no damage.
The freezing wraith is lightly damaged.
You hit the freezing wraith but do no damage.
You punch the freezing wraith, but do no damage.
You bite the freezing wraith, but do no damage.
The freezing wraith is lightly damaged.
The freezing wraith barely misses you. The freezing wraith hits you.
The freezing wraith drains your vigour!
You feel yourself slow down.
You barely miss the freezing wraith.
The freezing wraith is lightly damaged.
You catch the helpless freezing wraith completely off-guard!
You impale the freezing wraith!!
The freezing wraith is severely damaged.
The freezing wraith hits you!
* * * LOW HITPOINT WARNING * * *
The freezing wraith freezes you!!
You die...

##>## ..# ......###..#
#..........##
...h.###....# ... #.#..#
# #.#..# # .# #.#..# #
Y# #W#..# ###Y# ##+##
#@##.# ..#Y# ##...##
#.##.# #.#.#
##.....###.##.##
..#.###.......##.....##
..#.##.........####...##
.....+........)'.......#
#.#)##.........##.....##
#.#...#.......###.....#
#.###.##.....## #.....#


You could see a freezing wraith (confused).

Vanquished Creatures
  Snorg (D:11)
  A two-headed ogre (D:9)
  Urug (D:11)
  A cyclops (D:11)
  A gargoyle (D:11)
  Psyche (D:8)
  2 trolls (D:11)
  4 hippogriffs
  A spriggan (D:7)
  A shadow (D:11)
  7 yaks (D:11)
  Grum (D:11)
  A hungry ghost (D:9)
  4 orc warriors
  3 ice beasts
  4 sky beasts
  A necrophage (D:8)
  2 phantoms
  4 ogres
  4 wolves (D:11)
  3 centaurs
  A big kobold (D:4)
  3 bullfrogs
  Blork the orc (D:4)
  4 scorpions
  7 killer bees
  6 wights
  2 howler monkeys
  2 crimson imps
  4 hounds
  A jelly (D:11)
  3 orc priests
  2 bullfrog skeletons
  A centaur skeleton (D:4)
  5 orc wizards
  Jessica (D:2)
  6 worker ants
  A killer bee zombie (D:9)
  A howler monkey skeleton (D:4)
  15 adders
  4 shadow imps
  3 oozes
  An adder skeleton (D:8)
  A worm (D:3)
  4 dart slugs
  8 leopard geckos
  27 orcs
  9 bats
  3 giant cockroaches
  2 goblins (D:1)
  10 hobgoblins
  10 jackals
  5 quokkas
  A ball python (D:1)
  4 frilled lizards
  15 kobolds
  A quokka skeleton (D:6)
  8 rats
230 creatures vanquished.

Vanquished Creatures (collateral kills)
  2 wights (D:9)
2 creatures vanquished.

Vanquished Creatures (others)
  A centaur (D:11)
1 creature vanquished.

Grand Total: 233 creatures vanquished

Notes
Turn   | Place    | Note
-------+----------+-------------------------------------------
     0 | D:1      | tsouns the Gnoll Enchanter began the quest for the Orb.
     0 | D:1      | Reached XP level 1. HP: 13/13 MP: 6/6
   140 | D:1      | Reached XP level 2. HP: 14/19 MP: 7/7
   144 | D:1      | Learned a level 2 spell: Ensorcelled Hibernation
   322 | D:1      | Found a burning altar of Makhleb.
   324 | D:1      | Found a sacrificial altar of Ru.
   324 | D:1      | Found a shimmering altar of Xom.
   326 | D:1      | Found a bloodstained altar of Trog.
   326 | D:1      | Found a snail-covered altar of Cheibriados.
   326 | D:1      | Found a stormy altar of Qazlal.
   843 | D:2      | Reached skill level 5 in Spellcasting
   843 | D:2      | Reached XP level 3. HP: 21/25 MP: 7/9
  1027 | D:2      | Noticed Jessica
  1038 | D:2      | Killed Jessica
  1038 | D:2      | Reached skill level 1 in Fighting
  1038 | D:2      | Reached skill level 1 in Long Blades
  1038 | D:2      | Reached skill level 1 in Axes
  1038 | D:2      | Reached skill level 1 in Maces & Flails
  1038 | D:2      | Reached skill level 1 in Polearms
  1038 | D:2      | Reached skill level 1 in Staves
  1038 | D:2      | Reached skill level 1 in Slings
  1038 | D:2      | Reached skill level 1 in Bows
  1038 | D:2      | Reached skill level 1 in Crossbows
  1038 | D:2      | Reached skill level 1 in Throwing
  1038 | D:2      | Reached skill level 1 in Armour
  1038 | D:2      | Reached skill level 1 in Shields
  1038 | D:2      | Reached skill level 1 in Unarmed Combat
  1038 | D:2      | Reached skill level 1 in Conjurations
  1038 | D:2      | Reached skill level 1 in Charms
  1038 | D:2      | Reached skill level 1 in Summonings
  1038 | D:2      | Reached skill level 1 in Necromancy
  1038 | D:2      | Reached skill level 1 in Translocations
  1038 | D:2      | Reached skill level 1 in Transmutations
  1038 | D:2      | Reached skill level 1 in Fire Magic
  1038 | D:2      | Reached skill level 1 in Ice Magic
  1038 | D:2      | Reached skill level 1 in Air Magic
  1038 | D:2      | Reached skill level 1 in Earth Magic
  1038 | D:2      | Reached skill level 1 in Poison Magic
  1038 | D:2      | Reached skill level 1 in Invocations
  1038 | D:2      | Reached skill level 1 in Evocations
  1038 | D:2      | Reached XP level 4. HP: 20/32 MP: 1/11
  1657 | D:2      | Found a blossoming altar of Fedhas.
  1666 | D:2      | Reached XP level 5. HP: 34/37 MP: 1/12
  1682 | D:2      | Noticed an oklob plant
  2150 | D:3      | Learned a level 3 spell: Confuse
  2154 | D:3      | Learned a level 3 spell: Tukima's Dance
  2158 | D:3      | Learned a level 3 spell: Dazzling Spray
  2824 | D:4      | Learned a level 2 spell: Blink
  2915 | D:4      | Reached XP level 6. HP: 43/44 MP: 1/13
  3248 | D:4      | Noticed Blork the orc
  3263 | D:4      | Killed Blork the orc
  3263 | D:4      | Reached skill level 5 in Dodging
  3650 | D:4      | Reached XP level 7. HP: 42/50 MP: 5/15
  3976 | D:5      | Entered Level 5 of the Dungeon
  5099 | D:5      | Reached XP level 8. HP: 57/57 MP: 13/16
  5556 | D:6      | Found a stormy altar of Qazlal.
  5832 | D:6      | Found a shadowy altar of Dithmenos.
  5842 | D:6      | Became a worshipper of Dithmenos the Shadowed
  5866 | D:6      | Found a shattered altar of Ashenzari.
  5868 | D:6      | Found a shimmering altar of Xom.
  5902 | D:6      | Found a staircase to the Ecumenical Temple.
  5908 | Temple   | Entered the Ecumenical Temple
  6409 | D:7      | Noticed a hippogriff
  6416 | D:7      | Killed a hippogriff
  6506 | D:7      | Noticed a hippogriff
  6523 | D:7      | Killed a hippogriff
  6523 | D:7      | Reached XP level 9. HP: 61/65 MP: 13/18
  7158 | D:7      | Reached skill level 5 in Short Blades
  7360 | D:7      | Found a radiant altar of Vehumet.
  7365 | D:7      | Reached * piety under Dithmenos
  7658 | D:8      | Noticed Psyche
  7665 | D:8      | Killed Psyche
  7706 | D:8      | Found a burning altar of Makhleb.
  7784 | D:8      | Reached XP level 10. HP: 73/73 MP: 17/20
  7835 | D:8      | Found an ancient bone altar of Kikubaaqudgha.
  7892 | D:8      | Found a glowing golden altar of the Shining One.
  7922 | D:8      | Found a glowing silver altar of Zin.
  7923 | D:8      | Found a sparkling altar of Nemelex Xobeh.
  8073 | D:9      | Reached skill level 5 in Fighting
  8073 | D:9      | Reached skill level 5 in Long Blades
  8073 | D:9      | Reached skill level 5 in Axes
  8073 | D:9      | Reached skill level 5 in Maces & Flails
  8073 | D:9      | Reached skill level 5 in Polearms
  8073 | D:9      | Reached skill level 5 in Staves
  8073 | D:9      | Reached skill level 5 in Slings
  8073 | D:9      | Reached skill level 5 in Bows
  8073 | D:9      | Reached skill level 5 in Crossbows
  8073 | D:9      | Reached skill level 5 in Throwing
  8073 | D:9      | Reached skill level 5 in Armour
  8073 | D:9      | Reached skill level 5 in Shields
  8073 | D:9      | Reached skill level 5 in Unarmed Combat
  8073 | D:9      | Reached skill level 5 in Conjurations
  8073 | D:9      | Reached skill level 5 in Charms
  8073 | D:9      | Reached skill level 5 in Summonings
  8073 | D:9      | Reached skill level 5 in Necromancy
  8073 | D:9      | Reached skill level 5 in Translocations
  8073 | D:9      | Reached skill level 5 in Transmutations
  8073 | D:9      | Reached skill level 5 in Fire Magic
  8073 | D:9      | Reached skill level 5 in Ice Magic
  8073 | D:9      | Reached skill level 5 in Air Magic
  8073 | D:9      | Reached skill level 5 in Earth Magic
  8073 | D:9      | Reached skill level 5 in Poison Magic
  8073 | D:9      | Reached skill level 5 in Invocations
  8073 | D:9      | Reached skill level 5 in Evocations
  8103 | D:9      | Identified a scroll of acquirement
  8227 | D:9      | Reached ** piety under Dithmenos
  8354 | D:9      | Noticed a two-headed ogre
  8368 | D:9      | Killed a two-headed ogre
  8371 | D:9      | Found a glowing golden altar of the Shining One.
  8371 | D:9      | Noticed an angel
  8372 | D:9      | Found a runed door.
  8683 | D:9      | You fall through a shaft for 2 floors!
  8697 | D:11     | Noticed a cyclops
  8710 | D:11     | Killed a cyclops
  8930 | D:11     | Reached XP level 11. HP: 74/81 MP: 19/22
  8944 | D:11     | Noticed Snorg
  8945 | D:11     | Upgraded the game from 0.21-a0-349-g0c35859 to 0.21-a0-364-gbd1fde4
  8960 | D:11     | Killed Snorg
  9152 | D:11     | Noticed Urug
  9164 | D:11     | Reached skill level 5 in Conjurations
  9164 | D:11     | Reached skill level 5 in Charms
  9164 | D:11     | Reached skill level 5 in Summonings
  9164 | D:11     | Reached skill level 5 in Necromancy
  9164 | D:11     | Reached skill level 5 in Translocations
  9164 | D:11     | Reached skill level 5 in Transmutations
  9164 | D:11     | Reached skill level 5 in Fire Magic
  9164 | D:11     | Reached skill level 5 in Ice Magic
  9164 | D:11     | Reached skill level 5 in Air Magic
  9164 | D:11     | Reached skill level 5 in Earth Magic
  9164 | D:11     | Reached skill level 5 in Poison Magic
  9174 | D:11     | Killed Urug
  9244 | D:11     | Noticed Grum
  9276 | D:11     | Killed Grum
  9280 | D:11     | Reached *** piety under Dithmenos
  9534 | D:11     | Slain by a freezing wraith

Vault maps used:
D:1:      dpeg_arrival_leaves_temple_mockup, hangedman_abyss_or_decor_stabs,
          doesnt_xom_only_xom
D:2:      tgw_fedhas, uniq_jessica
D:3:      first_bread
D:4:      serial_forest, infiniplex_forest_lined_room_,
          infiniplex_forest_zigzag_2, infiniplex_forest_lined_room_3,
          infiniplex_forest_clump_curved, infiniplex_forest_lined_4_way,
          infiniplex_forest_end_2, infiniplex_forest_straight_2,
          infiniplex_forest_clump_tiny, infiniplex_forest_clump_diagonal,
          uniq_blork_the_orc
D:5:      guppyfry_early_lair_pool
D:6:      grunt_dithmenos_smoke_and_mirrors, grunt_temple_overflow_open,
          minmay_temple_entry_enclosed_plants, grunt_qazlal_sundering
D:7:      the_bakery, minmay_ruined_shrine
D:8:      makhleb_grotto_becter, nicolae_tso_carved_into_rock,
          gammafunk_temple_overflow_pools, old_standard_altar,
          minmay_misc_feat_alley, uniq_psyche
D:9:      lemuel_angel_altar
D:11:     lab_entry_generic, grunt_decor_cap, minivault_7, uniq_grum,
          uniq_sonja, uniq_urug, uniq_snorg
Temple:   nicolae_temple_figure_eight

Skill      XL: |  1  2  3  4  5  6  7  8  9 10 11 |
---------------+----------------------------------+-----
Spellcasting   | 5 6 7 8 |  8.1
Stealth        | 6 7 8 |  8.8
Fighting       | 1 2 3 4 5 6 |  6.3
Long Blades    | 1 2 3 4 5 6 |  6.3
Axes           | 1 2 3 4 5 6 |  6.3
Maces & Flails | 1 2 3 4 5 6 |  6.3
Polearms       | 1 2 3 4 5 6 |  6.3
Staves         | 1 2 3 4 5 6 |  6.3
Slings         | 1 2 3 4 5 6 |  6.3
Bows           | 1 2 3 4 5 6 |  6.3
Crossbows      | 1 2 3 4 5 6 |  6.3
Throwing       | 1 2 3 4 5 6 |  6.3
Armour         | 1 2 3 4 5 6 |  6.3
Shields        | 1 2 3 4 5 6 |  6.3
Unarmed Combat | 1 2 3 4 5 6 |  6.3
Conjurations   | 1 2 3 4 5 5 |  5.2
Charms         | 1 2 3 4 5 5 |  5.2
Summonings     | 1 2 3 4 5 5 |  5.2
Necromancy     | 1 2 3 4 5 5 |  5.2
Translocations | 1 2 3 4 5 5 |  5.2
Transmutations | 1 2 3 4 5 5 |  5.2
Fire Magic     | 1 2 3 4 5 5 |  5.2
Ice Magic      | 1 2 3 4 5 5 |  5.2
Air Magic      | 1 2 3 4 5 5 |  5.2
Earth Magic    | 1 2 3 4 5 5 |  5.2
Poison Magic   | 1 2 3 4 5 5 |  5.2
Invocations    | 1 2 3 4 5 6 |  6.9
Evocations     | 1 2 3 4 5 6 |  6.3
Short Blades   | 3 4 5 6 |  6.8
Dodging        | 5 6 7 |  7.9
Hexes          | 7 8 7 |  7.6

Action                   |  1- 3 |  4- 6 |  7- 9 | 10-12 || total
-------------------------+-------+-------+-------+-------++-------
Melee: Short sword       |    65 |   164 |   128 |   266 ||   623
       Dagger            |    11 |       |       |       ||    11
       Bite              |     3 |     9 |     7 |    36 ||    55
       Punch             |       |       |       |     8 ||     8
 Cast: Ensorcelled Hiber |     4 |    18 |    47 |    47 ||   116
       Corona            |     1 |       |       |       ||     1
       Dazzling Spray    |       |     8 |    36 |    12 ||    56
       Confuse           |       |     2 |     4 |    25 ||    31
       Tukima's Dance    |       |       |       |     5 ||     5
Evoke: Wand              |       |       |     4 |       ||     4
  Use: Scroll            |       |     8 |     5 |     2 ||    15
       Potion            |       |     1 |       |       ||     1
 Stab: Sleeping          |    11 |    22 |    39 |    39 ||   111
       Invisible         |       |       |     6 |       ||     6
       Confused          |       |       |     4 |    14 ||    18
       Distracted        |       |       |     3 |       ||     3
  Eat: Chunk             |       |     9 |     3 |     4 ||    16
       Meat ration       |       |       |     1 |       ||     1
       Bread ration      |       |       |     1 |       ||     1
       Royal jelly       |       |       |     1 |       ||     1
       Fruit             |       |       |       |     4 ||     4
Armor: Robe              |     8 |    18 |    19 |    26 ||    71
Dodge: Dodged            |    53 |    72 |    76 |   156 ||   357

Table legend:
 A = Spawn XP
 B = Non-spawn XP
 C = Spawn XP percentage of total XP
 D = Spawn monster count
 E = Non-spawn monster count
 F = Spawn count percentage of total count
 G = Total turns spent on level
                    A         B        C        D         E        F      G
               +---------+---------+-------+---------+---------+-------+---------
         Total |       0 |   14335 |   0.0 |       0 |     233 |   0.0 |  9534
               +---------+---------+-------+---------+---------+-------+---------
           D:1 |       0 |      26 |   0.0 |       0 |      18 |   0.0 |   833
           D:2 |       0 |     148 |   0.0 |       0 |      29 |   0.0 |  1071
           D:3 |       0 |      62 |   0.0 |       0 |      29 |   0.0 |   894
           D:4 |       0 |     538 |   0.0 |       0 |      17 |   0.0 |  1297
           D:5 |       0 |     479 |   0.0 |       0 |      20 |   0.0 |  1415
           D:6 |       0 |     549 |   0.0 |       0 |      15 |   0.0 |   563
           D:7 |       0 |    1915 |   0.0 |       0 |      28 |   0.0 |  1240
           D:8 |       0 |    1751 |   0.0 |       0 |      17 |   0.0 |   552
           D:9 |       0 |    2183 |   0.0 |       0 |      27 |   0.0 |   618
          D:11 |       0 |    6684 |   0.0 |       0 |      33 |   0.0 |   851
               +---------+---------+-------+---------+---------+-------+---------
